[Event "IMSA Rapid Women 2019"]
[Site "Hengshui"]
[Date "2019.05.14"]
[Round "1.9"]
[White "Lei, Tingjie"]
[Black "Stefanova, Antoaneta"]
[Result "1/2-1/2"]
[ECO "C60"]
[WhiteElo "2507"]
[BlackElo "2470"]
[Annotator "RC"]
[PlyCount "130"]
[EventDate "2019.05.14"]
[EventType "rapid"]
[EventCountry "CHN"]
[SourceTitle "playchess.com"]
[Source "ChessBase"]
[SourceQuality "1"]
[TimeControl "900+10"]

1. e4 e5 2. Nf3 Nc6 3. Bb5 g6 4. O-O Bg7 5. c3 a6 6. Ba4 b5 7. Bc2 d6 8. a4 b4 9. h3 Nge7 10. d4 exd4 11. cxd4 O-O 12. a5 Kh8 13. d5 Na7 14. Nbd2 f5 15. Re1 Nb5 16. Nc4 h6 17. Bd2 c5 18. dxc6 fxe4 19. Nh2 d5 20. Nb6 Ra7 21. Bxb4 Bd4 22. Re2 Rf5 23. Qd2 g5 24. Ng4 Nxc6 25. Nxc8 Qxc8 26. Bc3 Nxc3 27. bxc3 Bg7 28. Ne3 Ne7 29. Nxf5 Qxf5 30. Rb1 Rc7 31. Re3 Be5 32. f3 Qf4 33. fxe4 Bxc3 34. Qd3 Be5 35. g3 Qf6 36. Rf1 Qd6 37. Bb1 Rc3 38. Qxc3 Bxc3 39. Rxc3 dxe4 40. Kh1 Qd5 41. Re3 Nf5 42. Bxe4 Nxg3+ 43. Rxg3 Qxe4+ 44. Kh2 Qe2+ 45. Kg1 Qe5 46. Rgf3 Qxa5 47. Rf6 Kg7 48. Rc6 Qb5 49. Rfc1 a5 50. R1c5 Qb1+ 51. Kf2 a4 52. Ra5 Qb2+ 53. Ke3 Qb3+ 54. Ke2 Qb7 55. Raa6 Qb2+ 56. Kd3 Qb3+ 57. Ke4 Qb4+ 58. Kd5 Qb5+ 59. Kd4 Qb4+ 60. Kd5 Qb5+ 61. Kd4 Qb4+ 62. Kd3 Qb3+ 63. Ke4 Qb4+ 64. Ke5 Qb5+ 65. Kd4 Qb4+ 1/2-1/2

[Event "IMSA Rapid Women 2019"]
[Site "Hengshui"]
[Date "2019.05.14"]
[Round "1.10"]
[White "Ushenina, Anna"]
[Black "Muzychuk, Mariya"]
[Result "1/2-1/2"]
[ECO "D43"]
[WhiteElo "2442"]
[BlackElo "2563"]
[Annotator "RC"]
[PlyCount "172"]
[EventDate "2019.05.14"]
[EventType "rapid"]
[EventCountry "CHN"]
[SourceTitle "playchess.com"]
[Source "ChessBase"]
[SourceQuality "1"]
[TimeControl "900+10"]

1. d4 d5 2. c4 c6 3. Nf3 Nf6 4. Nc3 e6 5. Qd3 Nbd7 6. g3 Bd6 7. Bg2 dxc4 8. Qxc4 e5 9. O-O exd4 10. Qxd4 Bc5 11. Qh4 O-O 12. Rd1 Qe7 13. Nd4 Ne5 14. Bg5 Neg4 15. Ne4 h6 16. Bxf6 Nxf6 17. Nxf6+ Qxf6 18. Qxf6 gxf6 19. h3 Be6 20. Nxe6 fxe6 21. Rd7 Rf7 22. Rad1 Raf8 23. Bf3 Rxd7 24. Rxd7 Rf7 25. Rd3 f5 26. e3 Kg7 27. Bh5 Re7 28. Rd8 Bb6 29. Rb8 Rd7 30. Be8 Re7 31. b3 Kf6 32. Kf1 e5 33. Bh5 Kg7 34. Be2 Rd7 35. Re8 Kf6 36. Bc4 Re7 37. Rf8+ Kg6 38. Bd3 e4 39. Bc4 Bc7 40. a4 a6 41. g4 fxg4 42. hxg4 Bd6 43. Rg8+ Kf6 44. Kg2 Re5 45. Rh8 Kg6 46. Rd8 Be7 47. Rd7 b5 48. axb5 cxb5 49. Be2 Kf6 50. Ra7 Re6 51. Kh3 Bb4 52. Rh7 Kg6 53. Rd7 Be1 54. Kg2 Rf6 55. f4 exf3+ 56. Bxf3 Re6 57. Rd3 a5 58. Bd5 Ra6 59. Be4+ Kf6 60. Rd1 Bc3 61. Bd3 Rb6 62. Rf1+ Kg7 63. Rc1 Bd2 64. Rc7+ Kf6 65. Kf3 Re6 66. Be4 Ra6 67. Ke2 Bb4 68. Rb7 Re6 69. Kf3 Re5 70. Rb6+ Kg7 71. Kf4 Rc5 72. Rg6+ Kf7 73. Rxh6 a4 74. bxa4 bxa4 75. Ra6 Ra5 76. Rxa5 Bxa5 77. Kf5 a3 78. Bd5+ Kg7 79. e4 Bc3 80. Ba2 Bd4 81. e5 Bc3 82. Bb1 Bd4 83. Ke6 Kh6 84. Kf5 Bxe5 85. Kxe5 Kg5 86. Kd4 Kxg4 1/2-1/2

[Event "IMSA Rapid Women 2019"]
[Site "Hengshui"]
[Date "2019.05.14"]
[Round "1.16"]
[White "Khotenashvili, Bela"]
[Black "Koneru, Humpy"]
[Result "0-1"]
[ECO "A05"]
[WhiteElo "2476"]
[BlackElo "2553"]
[Annotator "RC"]
[PlyCount "138"]
[EventDate "2019.05.14"]
[EventType "rapid"]
[EventCountry "CHN"]
[SourceTitle "playchess.com"]
[Source "ChessBase"]
[SourceQuality "1"]
[TimeControl "900+10"]

1. Nf3 Nf6 2. g3 d5 3. Bg2 e6 4. O-O b5 5. a4 b4 6. d3 Bb7 7. Nbd2 Be7 8. e4 c5 9. Re1 Nc6 10. e5 Nd7 11. Nf1 g5 12. h3 h5 13. g4 hxg4 14. hxg4 Qc7 15. Qe2 O-O-O 16. Ng3 Rdg8 17. c3 Kb8 18. Bd2 a5 19. cxb4 axb4 20. b3 Ba6 21. Rac1 Rh4 22. Nxh4 gxh4 23. Nh5 Ncxe5 24. Bf4 Bd6 25. Bxe5 Nxe5 26. Nf6 Rh8 27. Red1 Nc6 28. Qe3 Nd4 29. Qxd4 cxd4 30. Rxc7 Kxc7 31. Rc1+ Kb7 32. Bf1 Be7 33. Nd7 Rg8 34. f3 f5 35. Be2 fxg4 36. fxg4 Rg5 37. Kg2 Ka8 38. Kh3 Bb7 39. Rf1 Rg7 40. Ne5 Kb8 41. Bd1 Kc7 42. Be2 Kd6 43. Nf7+ Kd7 44. Ne5+ Ke8 45. Nf3 Bc5 46. Rc1 Bb6 47. Nxh4 e5 48. Nf5 Rh7+ 49. Kg3 Bc7 50. g5 e4+ 51. Kg4 Be5 52. g6 Rh2 53. Bf1 Kf8 54. Rc5 Rf2 55. Rc1 e3 56. Ng3 Kg7 57. Be2 Kxg6 58. Bf3 Kf6 59. Ne2 Rh2 60. Rc5 Rh8 61. Bxd5 Bc8+ 62. Kf3 Rh3+ 63. Kg2 Rh2+ 64. Kf1 Bg4 65. Rc2 Bh3+ 66. Ke1 Rf2 67. Rc6+ Kg5 68. Nc1 Bg3 69. Be4 Rd2# 0-1

[Event "IMSA Rapid Women 2019"]
[Site "Hengshui"]
[Date "2019.05.14"]
[Round "2.10"]
[White "Gunina, Valentina"]
[Black "Dzagnidze, Nana"]
[Result "1-0"]
[ECO "C07"]
[WhiteElo "2506"]
[BlackElo "2510"]
[Annotator "RC"]
[PlyCount "67"]
[EventDate "2019.05.14"]
[EventType "rapid"]
[EventCountry "CHN"]
[SourceTitle "playchess.com"]
[Source "ChessBase"]
[SourceQuality "1"]
[TimeControl "900+10"]

1. e4 e6 2. d4 d5 3. Nd2 c5 4. Ngf3 cxd4 5. exd5 Qxd5 6. Bc4 Qd6 7. O-O Nf6 8. Nb3 Nc6 9. Nbxd4 Nxd4 10. Nxd4 a6 11. c3 Qc7 12. Qe2 Bd6 13. h3 O-O 14. Bg5 e5 15. Nc2 Nd7 16. Ne3 Nb6 17. Bb3 Kh8 18. Rad1 f6 19. Bh4 Bd7 20. Bc2 f5 21. Nxf5 Rxf5 22. g4 e4 23. gxf5 Bxf5 24. Bxe4 Re8 25. f3 Bxh3 26. Rfe1 Nc4 27. Kh1 Bf4 28. Bd8 Rxd8 29. Bf5 Bg2+ 30. Qxg2 Ne3 31. Qh3 h6 32. Qh5 Nxf5 33. Rxd8+ Qxd8 34. Re8+ 1-0

[Event "IMSA Rapid Women 2019"]
[Site "Hengshui"]
[Date "2019.05.14"]
[Round "3.12"]
[White "Dzagnidze, Nana"]
[Black "Stefanova, Antoaneta"]
[Result "1-0"]
[ECO "C54"]
[WhiteElo "2510"]
[BlackElo "2470"]
[Annotator "RC"]
[PlyCount "81"]
[EventDate "2019.05.14"]
[EventType "rapid"]
[EventCountry "CHN"]
[SourceTitle "playchess.com"]
[Source "ChessBase"]
[SourceQuality "1"]
[TimeControl "900+10"]

1. e4 e5 2. Nf3 Nc6 3. Bc4 Bc5 4. c3 Nf6 5. d4 exd4 6. e5 d5 7. Bb5 Ne4 8. cxd4 Bb6 9. Nc3 O-O 10. Be3 Bg4 11. h3 Bh5 12. Qc2 Bg6 13. Qb3 Ne7 14. O-O c6 15. Bd3 Nd2 16. Nxd2 Bxd3 17. Rfe1 Bg6 18. Nf3 Nf5 19. Na4 Ba5 20. Re2 Nxe3 21. Rxe3 Rb8 22. a3 Bf5 23. Qd1 f6 24. Nc5 fxe5 25. Nxe5 Bc7 26. Qe2 Qd6 27. Rf1 Bd8 28. b4 b6 29. Ncd3 a5 30. bxa5 bxa5 31. Nc5 Bf6 32. Qd2 Rb5 33. Qc3 Rfb8 34. g4 Bb1 35. Ned7 Bg5 36. Re6 Rxc5 37. Nxc5 Qf4 38. Nd7 Rd8 39. Rxb1 Rxd7 40. Qxc6 Bh4 41. Re8+ 1-0

[Event "IMSA Rapid Women 2019"]
[Site "Hengshui"]
[Date "2019.05.14"]
[Round "3.16"]
[White "Paehtz, Elisabeth"]
[Black "Zhao, Xue"]
[Result "0-1"]
[ECO "A80"]
[WhiteElo "2470"]
[BlackElo "2485"]
[Annotator "RC"]
[PlyCount "150"]
[EventDate "2019.05.14"]
[EventType "rapid"]
[EventCountry "CHN"]
[SourceTitle "playchess.com"]
[Source "ChessBase"]
[SourceQuality "1"]
[TimeControl "900+10"]

1. d4 f5 2. e3 Nf6 3. b3 g6 4. Bb2 Bg7 5. h4 d6 6. Be2 h6 7. Nh3 Be6 8. Nf4 Bf7 9. Qd3 Nbd7 10. h5 g5 11. Ng6 Bxg6 12. hxg6 e6 13. d5 Qe7 14. dxe6 Qxe6 15. Qc4 Ke7 16. Nd2 Qxc4 17. Nxc4 Nf8 18. Na5 Rb8 19. Bf3 Nxg6 20. Bxb7 Kf7 21. O-O-O Rhe8 22. Bc6 Rf8 23. Bd4 Ne7 24. Bf3 Ne4 25. Rhf1 g4 26. Be2 Bxd4 27. Rxd4 Nc3 28. Bc4+ d5 29. Kb2 c5 30. Rd2 Na4+ 31. Ka3 Nb6 32. Be2 Kf6 33. c4 dxc4 34. Nxc4 Nbd5 35. Kb2 Ke6 36. Rfd1 h5 37. g3 Nf6 38. Rd6+ Kf7 39. Ne5+ Kg7 40. Nd7 Nxd7 41. Rxd7 Rfe8 42. Rxa7 Rb6 43. Rc7 Kf6 44. Rxc5 Ng6 45. Bb5 Re7 46. a4 Ne5 47. a5 Rb8 48. Rd6+ Kg5 49. Rdd5 Kf6 50. Be2 Rbb7 51. a6 Rb8 52. Rb5 Ra8 53. Rb6+ Kg5 54. Rb7 Re6 55. b4 h4 56. gxh4+ Kxh4 57. b5 Kh3 58. Bf1+ Kh2 59. a7 Kg1 60. b6 Kxf1 61. Rb8 Nc4+ 62. Kc3 Nxb6 63. Rxa8 Nxd5+ 64. Kd4 Nc7 65. Rf8 Ra6 66. Rxf5 Rxa7 67. Rf6 Kg2 68. Kd3 Nd5 69. Rf5 Ra3+ 70. Kd4 Ne7 71. Rf7 Nc6+ 72. Kd5 Nb4+ 73. Kd6 Ra6+ 74. Kc5 Nd3+ 75. Kb5 Re6 0-1

[Event "IMSA Rapid Women 2019"]
[Site "Hengshui"]
[Date "2019.05.14"]
[Round "4.10"]
[White "Gunina, Valentina"]
[Black "Kosteniuk, Alexandra"]
[Result "1-0"]
[ECO "C27"]
[WhiteElo "2506"]
[BlackElo "2546"]
[Annotator "RC"]
[PlyCount "109"]
[EventDate "2019.05.14"]
[EventType "rapid"]
[EventCountry "CHN"]
[SourceTitle "playchess.com"]
[Source "ChessBase"]
[SourceQuality "1"]
[TimeControl "900+10"]

1. e4 e5 2. Bc4 Nf6 3. Nf3 Nxe4 4. Nc3 Nf6 5. Nxe5 d5 6. Bb3 Be7 7. d4 O-O 8. O-O c6 9. f4 c5 10. dxc5 Bxc5+ 11. Kh1 d4 12. Na4 Be7 13. Qf3 Nc6 14. c3 Bf5 15. Nxc6 bxc6 16. cxd4 Qxd4 17. Be3 Qb4 18. Rac1 Be4 19. Qg3 Bd5 20. Nc5 Ne4 21. Nxe4 Qxe4 22. Bxd5 Qxd5 23. b3 Rfd8 24. h3 h5 25. f5 Bf6 26. Bg5 Rd6 27. Bxf6 Rxf6 28. Qg5 Re8 29. Qxh5 Qd2 30. a4 Qd3 31. Rf3 Qd2 32. Rcf1 Re4 33. R3f2 Qc3 34. Qg5 Qxb3 35. Rf3 Qc4 36. Kh2 Kf8 37. Rd1 Rd4 38. Rc1 Qd5 39. Rg3 Rxf5 40. Qxg7+ Ke7 41. Rxc6 Qxc6 42. Qxd4 Qc7 43. Qe4+ Kf6 44. Qh4+ Ke6 45. Qh6+ f6 46. h4 Qf4 47. Qh8 Re5 48. Qc8+ Kd6 49. Kh3 Qf1 50. Qb8+ Ke6 51. Qb3+ Rd5 52. Re3+ Kd6 53. Qb8+ Kc6 54. Qc8+ Kb6 55. Rb3+ 1-0

[Event "IMSA Rapid Women 2019"]
[Site "Hengshui"]
[Date "2019.05.15"]
[Round "5.10"]
[White "Gunina, Valentina"]
[Black "Abdumalik, Zhansaya"]
[Result "1/2-1/2"]
[ECO "E94"]
[WhiteElo "2506"]
[BlackElo "2464"]
[Annotator "RC"]
[PlyCount "143"]
[EventDate "2019.05.14"]
[EventType "rapid"]
[EventCountry "CHN"]
[SourceTitle "playchess.com"]
[Source "ChessBase"]
[SourceQuality "1"]
[TimeControl "900+10"]

1. d4 Nf6 2. c4 g6 3. Nc3 d6 4. e4 Nbd7 5. Nf3 e5 6. Be2 Bg7 7. O-O O-O 8. Qc2 exd4 9. Nxd4 Re8 10. Be3 c6 11. Rad1 Qe7 12. f3 a5 13. Rfe1 Nc5 14. Bf1 Nh5 15. g3 Nf6 16. Bg2 h5 17. Bg5 Qf8 18. Qd2 Nh7 19. Be3 a4 20. h3 Be6 21. Nxe6 Nxe6 22. f4 Qe7 23. Qxd6 Qxd6 24. Rxd6 a3 25. Bc1 h4 26. f5 gxf5 27. exf5 Nd4 28. Rf1 axb2 29. Bxb2 Ne2+ 30. Nxe2 Bxb2 31. Rd2 Bf6 32. gxh4 Bxh4 33. Nf4 Nf6 34. Rb2 Re7 35. Nd3 Ra3 36. Nc5 b5 37. cxb5 cxb5 38. Nb3 Rea7 39. Rf4 Bg5 40. Rf3 Kh7 41. h4 Bh6 42. Bf1 Rxa2 43. Rxa2 Rxa2 44. Bxb5 Ng4 45. Rc3 Rb2 46. f6 Nxf6 47. Nd4 Rb1+ 48. Kg2 Rc1 49. Bd3+ Kg8 50. Rb3 Rc8 51. Nf5 Bf8 52. Kf3 Rd8 53. Bc4 Rc8 54. Bd3 Rd8 55. Ba6 Nd7 56. Kf4 Nc5 57. Rg3+ Kh7 58. Bc4 Ne6+ 59. Ke5 Nd4 60. Bxf7 Nxf5 61. Kxf5 Bg7 62. Rb3 Rd6 63. Rb7 Kh6 64. Be6 Rd2 65. Rb6 Rf2+ 66. Kg4 Rf6 67. Rc6 Bh8 68. h5 Bg7 69. Ra6 Bh8 70. Rc6 Bg7 71. Ra6 Bh8 72. Rc6 1/2-1/2

[Event "IMSA Rapid Women 2019"]
[Site "Hengshui"]
[Date "2019.05.15"]
[Round "6.15"]
[White "Koneru, Humpy"]
[Black "Paehtz, Elisabeth"]
[Result "1/2-1/2"]
[ECO "A40"]
[WhiteElo "2553"]
[BlackElo "2470"]
[Annotator "RC"]
[PlyCount "65"]
[EventDate "2019.05.14"]
[EventType "rapid"]
[EventCountry "CHN"]
[SourceTitle "playchess.com"]
[Source "ChessBase"]
[SourceQuality "1"]
[TimeControl "900+10"]

1. d4 e6 2. c4 b6 3. Nf3 Bb7 4. g3 Bb4+ 5. Nbd2 Bxf3 6. exf3 Nf6 7. a3 Be7 8. Bg2 Nc6 9. f4 Nxd4 10. Bxa8 Qxa8 11. O-O c5 12. f3 h5 13. Nb3 Nf5 14. Qe2 a5 15. a4 g6 16. Bd2 Qa6 17. Bc3 d5 18. g4 hxg4 19. fxg4 Qxc4 20. Qxc4 dxc4 21. gxf5 cxb3 22. fxe6 fxe6 23. Rf3 Rh4 24. Be5 c4 25. Rc3 Bc5+ 26. Kg2 Nd5 27. Rxc4 Ne3+ 28. Kg3 Nf5+ 29. Kg2 Ne3+ 30. Kg3 Nf5+ 31. Kg2 Ne3+ 32. Kg3 Nf5+ 33. Kg2 1/2-1/2

[Event "IMSA Rapid Women 2019"]
[Site "Hengshui"]
[Date "2019.05.15"]
[Round "8.16"]
[White "Koneru, Humpy"]
[Black "Krush, Irina"]
[Result "0-1"]
[ECO "D25"]
[WhiteElo "2553"]
[BlackElo "2422"]
[Annotator "RC"]
[PlyCount "80"]
[EventDate "2019.05.14"]
[EventType "rapid"]
[EventCountry "CHN"]
[SourceTitle "playchess.com"]
[Source "ChessBase"]
[SourceQuality "1"]
[TimeControl "900+10"]

1. d4 d5 2. c4 dxc4 3. Nf3 Nf6 4. e3 a6 5. Bxc4 b5 6. Be2 Bb7 7. a4 b4 8. O-O e6 9. Nbd2 Nbd7 10. b3 c5 11. Bb2 Be7 12. Rc1 O-O 13. Nc4 Qc7 14. dxc5 Rfd8 15. c6 Bxc6 16. Nd4 Nc5 17. Bf3 Bxf3 18. Qxf3 Nd5 19. Qg3 Qxg3 20. hxg3 Bf6 21. Rb1 Rac8 22. Na5 Nd3 23. Ba1 Bxd4 24. Bxd4 e5 25. Rbd1 Nc3 26. Rxd3 Ne2+ 27. Kh2 Rd6 28. Kh3 f5 29. Kh4 exd4 30. exd4 Re8 31. Re3 Rh6+ 32. Kg5 Rg6+ 33. Kh4 Rg4+ 34. Kh3 Rxe3 35. fxe3 Rxg3+ 36. Kh2 Rxe3 37. Re1 f4 38. Nc4 Re6 39. Kh3 f3 40. Rf1 Rh6+ 0-1

[Event "IMSA Rapid Women 2019"]
[Site "Hengshui"]
[Date "2019.05.16"]
[Round "10.9"]
[White "Krush, Irina"]
[Black "Kosteniuk, Alexandra"]
[Result "0-1"]
[ECO "A22"]
[WhiteElo "2422"]
[BlackElo "2546"]
[Annotator "RC"]
[PlyCount "128"]
[EventDate "2019.05.14"]
[EventType "rapid"]
[EventCountry "CHN"]
[SourceTitle "playchess.com"]
[Source "ChessBase"]
[SourceQuality "1"]
[TimeControl "900+10"]

1. c4 e5 2. Nc3 Nf6 3. g3 d5 4. cxd5 Nxd5 5. Bg2 Nb6 6. Nf3 Nc6 7. d3 Be7 8. a3 Be6 9. O-O O-O 10. Be3 a5 11. Rc1 Nd5 12. Nxd5 Bxd5 13. Nd2 Bxg2 14. Kxg2 a4 15. Qc2 f5 16. Qc4+ Kh8 17. f3 Bf6 18. Qb5 Qc8 19. Nc4 Re8 20. Rc2 Re6 21. Rb1 f4 22. Bf2 Nd4 23. Bxd4 exd4 24. gxf4 c6 25. Qh5 Qc7 26. f5 Re7 27. f4 Qxf4 28. Rf1 Qg5+ 29. Qxg5 Bxg5 30. Nd6 Be3 31. Ne4 Ra5 32. Rc5 Rxc5 33. Nxc5 Re5 34. Nxb7 Bg5 35. Nd6 Rxe2+ 36. Rf2 Rxf2+ 37. Kxf2 Bf4 38. Nc4 Bxh2 39. Nb6 Kg8 40. Nxa4 Kf7 41. Kf3 h5 42. Nc5 Ke7 43. Ne6 Be5 44. Ke4 Kd6 45. b4 h4 46. Ng5 Bf6 47. Nh3 Kc7 48. a4 Be7 49. Kxd4 Bxb4 50. Ke4 Kb6 51. Ng5 Be7 52. Ne6 Bf6 53. Kf4 Ka5 54. Nc5 Kb4 55. Ne4 Bd8 56. d4 Kc4 57. Kg4 Kxd4 58. Nd6 c5 59. a5 Bxa5 60. Kxh4 c4 61. Kg5 c3 62. Nb5+ Kc4 63. Na3+ Kb3 64. Nb5 Bd8+ 0-1

[Event "IMSA Rapid Women 2019"]
[Site "Hengshui"]
[Date "2019.05.16"]
[Round "10.10"]
[White "Tan, Zhongyi"]
[Black "Muzychuk, Mariya"]
[Result "1/2-1/2"]
[ECO "A35"]
[WhiteElo "2513"]
[BlackElo "2563"]
[Annotator "ChessBase"]
[PlyCount "67"]
[EventDate "2019.05.14"]
[EventType "rapid"]
[EventCountry "CHN"]
[SourceTitle "playchess.com"]
[Source "ChessBase"]
[SourceQuality "1"]
[TimeControl "900+10"]

1. c4 c5 2. Nc3 Nc6 3. Nf3 g6 4. e3 Nf6 5. d4 cxd4 6. exd4 d5 7. cxd5 Nxd5 8. Qb3 e6 9. Bb5 Bg7 10. Qa3 Qe7 11. Qxe7+ Kxe7 12. Nxd5+ exd5 13. Bg5+ f6 14. Bxc6 bxc6 15. Bd2 Bg4 16. Rc1 Bxf3 17. gxf3 Kd7 18. Ke2 f5 19. Kd3 Rhb8 20. Rc2 a5 21. h4 Bf6 22. Bg5 Bg7 23. Bd2 Bf6 24. h5 g5 25. h6 f4 26. Rhc1 Ra6 27. b3 Be7 28. Re1 Bf6 29. Bc3 a4 30. b4 Raa8 31. Bd2 Ra6 32. Bc3 Raa8 33. Bd2 Ra6 34. Bc3 1/2-1/2

[Event "IMSA Rapid Women 2019"]
[Site "Hengshui"]
[Date "2019.05.16"]
[Round "10.11"]
[White "Bodnaruk, Anastasia"]
[Black "Abdumalik, Zhansaya"]
[Result "1-0"]
[ECO "C88"]
[WhiteElo "2431"]
[BlackElo "2464"]
[Annotator "ChessBase"]
[PlyCount "91"]
[EventDate "2019.05.14"]
[EventType "rapid"]
[EventCountry "CHN"]
[SourceTitle "playchess.com"]
[Source "ChessBase"]
[SourceQuality "1"]
[TimeControl "900+10"]

1. e4 e5 2. Nf3 Nc6 3. Bb5 a6 4. Ba4 Nf6 5. O-O Be7 6. Re1 b5 7. Bb3 O-O 8. a4 Bb7 9. c3 d5 10. d4 exd4 11. e5 Ne4 12. cxd4 Na5 13. Bc2 f5 14. exf6 Bxf6 15. Nc3 b4 16. Ne2 Qd7 17. Nf4 Rae8 18. Nd3 Nc6 19. Nde5 Qd8 20. Bf4 Bxe5 21. Bxe5 Nxe5 22. Nxe5 Qh4 23. f3 Nd6 24. g3 Qh3 25. b3 Bc8 26. Bd3 Nf7 27. Rc1 Ng5 28. f4 Ne4 29. Bxe4 dxe4 30. Rxc7 Bf5 31. Qe2 e3 32. Qxe3 Be6 33. Qe4 Bxb3 34. Qb7 Rd8 35. Rxg7+ Kh8 36. Rd7 Rxd7 37. Nxd7 Rd8 38. Nf6 Qh6 39. Qe7 Rf8 40. Nd7 Rf7 41. Qe5+ Kg8 42. Qe8+ Kg7 43. Re7 Qd6 44. Qf8+ Kg6 45. Qg8+ Kh6 46. Qg5# 1-0

[Event "IMSA Rapid Women 2019"]
[Site "Hengshui"]
[Date "2019.05.16"]
[Round "11.9"]
[White "Stefanova, Antoaneta"]
[Black "Kosteniuk, Alexandra"]
[Result "1/2-1/2"]
[ECO "A05"]
[WhiteElo "2470"]
[BlackElo "2546"]
[Annotator "ChessBase"]
[PlyCount "99"]
[EventDate "2019.05.14"]
[EventType "rapid"]
[EventCountry "CHN"]
[SourceTitle "playchess.com"]
[Source "ChessBase"]
[SourceQuality "1"]
[TimeControl "900+10"]

1. Nf3 Nf6 2. g3 b6 3. Bg2 Bb7 4. O-O e6 5. d3 d5 6. Nbd2 Be7 7. e4 dxe4 8. Ng5 O-O 9. Ndxe4 Nxe4 10. Nxe4 Nc6 11. f4 Rb8 12. Re1 Nb4 13. Qe2 Nd5 14. Bd2 c5 15. a3 Qd7 16. c4 Nf6 17. Bc3 Nxe4 18. dxe4 Rfd8 19. Rad1 Qa4 20. f5 Rxd1 21. Rxd1 exf5 22. exf5 Bxg2 23. Kxg2 Bf8 24. Rd2 Re8 25. Qg4 h5 26. Qf4 Qc6+ 27. Qf3 Qh6 28. Re2 Rxe2+ 29. Qxe2 Qc6+ 30. Qf3 Qa4 31. Qe2 Qc6+ 32. Kg1 Qa4 33. Qd3 a6 34. Kg2 b5 35. cxb5 axb5 36. Qe2 b4 37. axb4 cxb4 38. Bd4 Qc6+ 39. Qf3 Qc2+ 40. Kh3 Qd2 41. Qe4 Be7 42. Bxg7 Kxg7 43. Qxe7 Qxb2 44. Qg5+ Kf8 45. f6 Qb3 46. Qc5+ Kg8 47. Qg5+ Kf8 48. Qc5+ Kg8 49. Qg5+ Kf8 50. Qc5+ 1/2-1/2

[Event "IMSA Rapid Women 2019"]
[Site "Hengshui"]
[Date "2019.05.16"]
[Round "11.10"]
[White "Tan, Zhongyi"]
[Black "Bodnaruk, Anastasia"]
[Result "1-0"]
[ECO "A21"]
[WhiteElo "2513"]
[BlackElo "2431"]
[Annotator "RC"]
[PlyCount "179"]
[EventDate "2019.05.14"]
[EventType "rapid"]
[EventCountry "CHN"]
[SourceTitle "playchess.com"]
[Source "ChessBase"]
[SourceQuality "1"]
[TimeControl "900+10"]

1. c4 e5 2. Nc3 d6 3. Nf3 f5 4. g3 g6 5. d4 e4 6. Bg5 Be7 7. Bxe7 Qxe7 8. Nh4 Nf6 9. Ng2 Be6 10. e3 Bf7 11. h4 c6 12. Be2 Nbd7 13. b3 O-O 14. Nf4 h5 15. Qd2 Kg7 16. Rb1 Rfd8 17. Qc2 Rac8 18. b4 Nb6 19. Na4 Nxa4 20. Qxa4 b6 21. Kf1 c5 22. bxc5 dxc5 23. d5 Rc7 24. Qc2 Rd6 25. Qc3 Rc8 26. Kg2 Re8 27. Rb3 Kh6 28. a4 a5 29. Nh3 Qe5 30. Ng5 Qxc3 31. Rxc3 Re7 32. Bd1 Nd7 33. f3 exf3+ 34. Bxf3 Nf6 35. Re1 Be8 36. Ra3 Bd7 37. e4 fxe4 38. Bxe4 Ng4 39. Rf3 Kg7 40. Rf4 Rf6 41. Rff1 Bxa4 42. Ne6+ Rfxe6 43. dxe6 Rxe6 44. Kg1 Bb3 45. Bd5 Rxe1 46. Rxe1 b5 47. Re7+ Kf6 48. Re6+ Kf5 49. Rc6 bxc4 50. Rxc5 Ne5 51. Rxa5 Kf6 52. Kf2 Bc2 53. Ke3 Bd3 54. Kd4 Ng4 55. Ra6+ Kg7 56. Ra7+ Kh6 57. Bxc4 Bxc4 58. Kxc4 Ne3+ 59. Kc5 Nf5 60. Ra3 g5 61. Ra6+ Kg7 62. hxg5 Nxg3 63. Kd5 Nf5 64. Ke5 Ne3 65. Ke4 Ng2 66. Kf3 Nh4+ 67. Kg3 Ng6 68. Ra7+ Kg8 69. Kf3 Kf8 70. Ke4 Ne7 71. Kf4 Kf7 72. Rb7 Ke6 73. Rb6+ Kf7 74. Rh6 Ng6+ 75. Ke4 Ne7 76. Rh7+ Kf8 77. Rxh5 Kg7 78. Rh6 Ng6 79. Kf5 Ne7+ 80. Ke5 Ng6+ 81. Ke4 Kf7 82. Rh7+ Ke6 83. Ra7 Ne7 84. Ra6+ Kf7 85. Kf4 Ng6+ 86. Kg4 Ne7 87. Kh5 Kg8 88. Ra8+ Kf7 89. Ra7 Ke6 90. Rxe7+ {[%emt 0:00:07] Ke5} 1-0

[Event "IMSA Rapid Women 2019"]
[Site "Hengshui"]
[Date "2019.05.16"]
[Round "11.11"]
[White "Muzychuk, Mariya"]
[Black "Paehtz, Elisabeth"]
[Result "1/2-1/2"]
[ECO "A40"]
[WhiteElo "2563"]
[BlackElo "2470"]
[Annotator "ChessBase"]
[PlyCount "103"]
[EventDate "2019.05.14"]
[EventType "rapid"]
[EventCountry "CHN"]
[SourceTitle "playchess.com"]
[Source "ChessBase"]
[SourceQuality "1"]
[TimeControl "900+10"]

1. d4 e6 2. c4 b6 3. Nc3 Bb4 4. Qb3 c5 5. Nf3 Nc6 6. a3 Ba5 7. e3 Nf6 8. d5 Ne7 9. dxe6 fxe6 10. Be2 Bb7 11. O-O O-O 12. Rd1 Bxc3 13. Qxc3 Nf5 14. Ne5 d6 15. Bf3 Bxf3 16. Nxf3 Qc8 17. Qd3 e5 18. Ng5 Qd7 19. b4 h6 20. Ne4 Nxe4 21. Qxe4 Qa4 22. Bd2 Rac8 23. Rdc1 Qd7 24. Qd5+ Kh8 25. Bc3 Ne7 26. Qe4 Qe6 27. b5 Ng8 28. Rd1 Nf6 29. Qd3 Rcd8 30. e4 Nh5 31. Bd2 g5 32. a4 Qf6 33. f3 Ng7 34. a5 Ne6 35. axb6 axb6 36. Be3 Nd4 37. Ra6 Rb8 38. Rda1 Rb7 39. Ra8 Kg7 40. Rxf8 Qxf8 41. h3 Qf7 42. Bxd4 exd4 43. Ra6 Qf4 44. Qa3 Kg6 45. Ra8 Kh5 46. Rh8 Qf6 47. Re8 Qf7 48. Rd8 Ra7 49. Qc1 Rd7 50. Ra8 Ra7 51. Rd8 Rd7 52. Ra8 1/2-1/2

[Event "IMSA Rapid Women 2019"]
[Site "Hengshui"]
[Date "2019.05.16"]
[Round "11.12"]
[White "Gunina, Valentina"]
[Black "Krush, Irina"]
[Result "1-0"]
[ECO "B53"]
[WhiteElo "2506"]
[BlackElo "2422"]
[Annotator "ChessBase"]
[PlyCount "87"]
[EventDate "2019.05.14"]
[EventType "rapid"]
[EventCountry "CHN"]
[SourceTitle "playchess.com"]
[Source "ChessBase"]
[SourceQuality "1"]
[TimeControl "900+10"]

1. e4 c5 2. Nf3 d6 3. d4 cxd4 4. Qxd4 a6 5. Be2 Nc6 6. Qd3 g6 7. O-O Bg7 8. c4 Nf6 9. h3 O-O 10. Nc3 Be6 11. Nd5 Nd7 12. Rd1 Rc8 13. Qe3 Nde5 14. Rb1 Nxf3+ 15. Bxf3 Ne5 16. b3 Nxf3+ 17. Qxf3 b5 18. cxb5 axb5 19. Bg5 Re8 20. b4 Bxd5 21. Rxd5 Qd7 22. Qd3 Rb8 23. e5 Qa7 24. exd6 exd6 25. Qd2 Be5 26. Be3 Qe7 27. Qd3 Qb7 28. Rd1 Rec8 29. f4 Bc3 30. a3 Qa6 31. Rxd6 Qxa3 32. Bc5 Bb2 33. Qd5 Qc3 34. f5 Qc4 35. fxg6 Qxd5 36. gxh7+ Kxh7 37. R1xd5 Rb7 38. Rh5+ Kg7 39. Rg5+ Kh7 40. Rdd5 Rc6 41. Be3 Re6 42. Bd2 Re2 43. Rg4 Ra7 44. Rh5# 1-0

[Event "IMSA Rapid Women 2019"]
[Site "Hengshui"]
[Date "2019.05.16"]
[Round "11.13"]
[White "Abdumalik, Zhansaya"]
[Black "Ushenina, Anna"]
[Result "0-1"]
[ECO "B18"]
[WhiteElo "2464"]
[BlackElo "2442"]
[Annotator "RC"]
[PlyCount "146"]
[EventDate "2019.05.14"]
[EventType "rapid"]
[EventCountry "CHN"]
[SourceTitle "playchess.com"]
[Source "ChessBase"]
[SourceQuality "1"]
[TimeControl "900+10"]

1. e4 c6 2. d4 d5 3. Nd2 dxe4 4. Nxe4 Bf5 5. Ng3 Bg6 6. h4 h6 7. Nf3 Nf6 8. Ne5 Bh7 9. Bd3 Bxd3 10. Qxd3 e6 11. Bf4 Qa5+ 12. c3 Nbd7 13. O-O Be7 14. b4 Qd8 15. Nxd7 Qxd7 16. Be5 O-O 17. Rae1 a5 18. a3 axb4 19. axb4 Ra3 20. Bxf6 Bxf6 21. Re4 Qd5 22. Ne2 e5 23. Rg4 exd4 24. Nxd4 Re8 25. Rd1 Qh5 26. Qf5 Qxf5 27. Nxf5 h5 28. Rf4 Rxc3 29. g3 Rd8 30. Re1 Kf8 31. Kg2 Rcd3 32. Rc4 g6 33. Ne3 R8d4 34. Rb1 Rd2 35. b5 Rxc4 36. Nxc4 Rc2 37. Ne3 Rb2 38. Rxb2 Bxb2 39. Nc4 Bd4 40. bxc6 bxc6 41. Na5 c5 42. Nc6 Bc3 43. Kf3 Ke8 44. g4 Kd7 45. Na7 Bf6 46. g5 Bc3 47. Nb5 Bb2 48. Ke4 Kc6 49. Na7+ Kb6 50. Nc8+ Kb5 51. Nd6+ Kb4 52. Kd3 Bd4 53. f4 Bf2 54. Nxf7 c4+ 55. Kc2 Bxh4 56. Nh8 Bg3 57. f5 gxf5 58. Nf7 Bh4 59. g6 Bf6 60. Nd6 f4 61. Kd2 h4 62. Ne4 Bd4 63. Ke2 h3 64. Kf3 c3 65. Nf2 c2 66. Nd3+ Kc4 67. Nc1 Bg7 68. Ne2 Kb3 69. Nc1+ Kb2 70. Nd3+ Kb1 71. Kf2 c1=Q 72. Nxc1 Kxc1 73. Kg1 f3 0-1